PIO (24 & UNDER)
SURREY SINNERS @ COLORADO COMMANDERS
08/20/2026
 
TOP OF THE 1ST
Surrey Sinners batting - Pitching for Colorado Commanders : RHP Josh Carson
Pitching: RHP Josh Carson
Batting: RHB Augusto Trevino 0-0: Called Strike
0-1: Foul Ball, location: 2F
0-2: Ball
1-2: Ball
2-2: Ball
3-2: Fly out, F4 (Popup, 4D)
Batting: RHB Jamie Swyers 0-0: Called Strike
0-1: Ball
1-1: Swinging Strike
1-2: Strikes out swinging
Batting: RHB Clint Younger 0-0: Called Strike
0-1: Ball
1-1: Ground out 6-3 (Groundball, 6M)
Top of the 1st over - 0 run(s), 0 hit(s), 0 error(s), 0 left on base; Surrey 0 - Colorado 0
BOTTOM OF THE 1ST
Colorado Commanders batting - Pitching for Surrey Sinners : LHP Luis Perea
Pitching: LHP Luis Perea
Batting: RHB Kyle Vélez 0-0: Ball
1-0: Called Strike
1-1: Foul Ball, location: 2F
1-2: DOUBLE (Line Drive, 7LS)
Batting: RHB Chris Rice 0-0: Ground out 6-3 (Groundball, 6)
Batting: RHB Carlos Hernández 0-0: Ball
1-0: SINGLE (Groundball, 4D)
Kyle Vélez to third
Batting: RHB Tim Adkins 0-0: Ball
1-0: Foul Ball, location: 2F
1-1: Foul Ball, location: 2F
1-2: Strikes out swinging
Batting: RHB Roberto Rodríguez 0-0: Ball
1-0: Called Strike
1-1: Ball
2-1: Called Strike
2-2: Ball
3-2: Strikes out swinging
Bottom of the 1st over - 0 run(s), 2 hit(s), 0 error(s), 2 left on base; Surrey 0 - Colorado 0
TOP OF THE 2ND
Surrey Sinners batting - Pitching for Colorado Commanders : RHP Josh Carson
Batting: LHB Buddy Rice 0-0: Ball
1-0: Called Strike
1-1: Swinging Strike
1-2: Ball
2-2: Fly out, F6 (Popup, 6D)
Batting: RHB Cooper Richard 0-0: Swinging Strike
0-1: Foul Ball, location: 2F
0-2: Ball
1-2: Strikes out swinging
Batting: RHB Ramón Molina 0-0: Called Strike
0-1: Ball
1-1: Ground out 4-3 (Groundball, 4)
Top of the 2nd over - 0 run(s), 0 hit(s), 0 error(s), 0 left on base; Surrey 0 - Colorado 0
BOTTOM OF THE 2ND
Colorado Commanders batting - Pitching for Surrey Sinners : LHP Luis Perea
Batting: RHB Frank Martínez 0-0: Ball
1-0: Ground out 6-3 (Groundball, 6M)
Batting: RHB Nick Crosby 0-0: Ball
1-0: Ball
2-0: Fly out, F9 (Flyball, 89M)
Batting: RHB Adam Reeves 0-0: Called Strike
0-1: Ball
1-1: Ball
2-1: DOUBLE (Line Drive, 7LS)
Batting: RHB Tony Barton 0-0: Swinging Strike
0-1: Ground out 6-3 (Groundball, 6)
Bottom of the 2nd over - 0 run(s), 1 hit(s), 0 error(s), 1 left on base; Surrey 0 - Colorado 0
TOP OF THE 3RD
Surrey Sinners batting - Pitching for Colorado Commanders : RHP Josh Carson
Batting: LHB Juan Hinojosa 0-0: Called Strike
0-1: Called Strike
0-2: Ball
1-2: Foul Ball, location: 2F
1-2: Fly out, F2 (Popup, 5SF)
Batting: LHB José Blanco 0-0: Ball
1-0: Ball
2-0: Ground out 4-3 (Groundball, 34)
Batting: RHB Ryan Parrish 0-0: Called Strike
0-1: Foul Ball, location: 2F
0-2: Ball
1-2: Strikes out looking
Top of the 3rd over - 0 run(s), 0 hit(s), 0 error(s), 0 left on base; Surrey 0 - Colorado 0
BOTTOM OF THE 3RD
Colorado Commanders batting - Pitching for Surrey Sinners : LHP Luis Perea
Batting: RHB Kyle Vélez 0-0: Ball
1-0: Called Strike
1-1: Foul Ball, location: 2F
1-2: Strikes out looking
Batting: RHB Chris Rice 0-0: Foul Ball, location: 2F
0-1: Ball
1-1: Ball
2-1: Fly out, F9 (Line Drive, 89M)
Batting: RHB Carlos Hernández 0-0: Ball
1-0: Fly out, F9 (Flyball, 89M)
Bottom of the 3rd over - 0 run(s), 0 hit(s), 0 error(s), 0 left on base; Surrey 0 - Colorado 0
TOP OF THE 4TH
Surrey Sinners batting - Pitching for Colorado Commanders : RHP Josh Carson
Now at 1B: Arturo Rodledo
Batting: RHB Augusto Trevino 0-0: Ball
1-0: Ball
2-0: Ball
3-0: Base on Balls
Batting: RHB Jamie Swyers 0-0: Foul Ball, location: 2F
0-1: Ball
1-1: Ball
Augusto Trevino is caught stealing 2nd base
2-1: Foul Ball, location: 2F
2-2: Ball
3-2: Base on Balls
Batting: RHB Clint Younger 0-0: Ball
1-0: Ball
2-0: Fly out, F7 (Line Drive, 7M)
Batting: LHB Buddy Rice 0-0: Ball
1-0: Ball
2-0: Foul Ball, location: 2F
2-1: Foul Ball, location: 2F
2-2: Ball
Throwing error on steal attempt, E2
Jamie Swyers to third
3-2: Base on Balls
Batting: RHB Cooper Richard 0-0: Ground out 5-3 (Groundball, 56)
Top of the 4th over - 0 run(s), 0 hit(s), 1 error(s), 2 left on base; Surrey 0 - Colorado 0
BOTTOM OF THE 4TH
Colorado Commanders batting - Pitching for Surrey Sinners : LHP Luis Perea
Batting: RHB Tim Adkins 0-0: Ground out 1-3 (Groundball, 15)
Batting: RHB Roberto Rodríguez 0-0: Fly out, F9 (Flyball, 9LM)
Batting: RHB Frank Martínez 0-0: Ball
1-0: Ball
2-0: Called Strike
2-1: Swinging Strike
2-2: Ball
3-2: Strikes out swinging
Bottom of the 4th over - 0 run(s), 0 hit(s), 0 error(s), 0 left on base; Surrey 0 - Colorado 0
TOP OF THE 5TH
Surrey Sinners batting - Pitching for Colorado Commanders : RHP Josh Carson
Batting: RHB Ramón Molina 0-0: Ground out 2-3 (Groundball, 23)
Batting: LHB Juan Hinojosa 0-0: Ball
1-0: Fly out, F7 (Line Drive, 7S)
Batting: LHB José Blanco 0-0: Swinging Strike
0-1: Foul Ball, location: 2F
0-2: Strikes out swinging
Top of the 5th over - 0 run(s), 0 hit(s), 0 error(s), 0 left on base; Surrey 0 - Colorado 0
BOTTOM OF THE 5TH
Colorado Commanders batting - Pitching for Surrey Sinners : LHP Luis Perea
Batting: RHB Nick Crosby 0-0: Called Strike
0-1: Swinging Strike
0-2: Foul Ball, location: 2F
0-2: Strikes out swinging
Batting: RHB Adam Reeves 0-0: SINGLE (Groundball, 4D)
Batting: RHB Tony Barton 0-0: Fielders Choice at 2nd, 5-4 (Groundball, 56)
Batting: LHB Arturo Rodledo 0-0: Called Strike
0-1: Foul Ball, location: 2F
0-2: Ball
1-2: Strikes out swinging
Bottom of the 5th over - 0 run(s), 1 hit(s), 0 error(s), 1 left on base; Surrey 0 - Colorado 0
TOP OF THE 6TH
Surrey Sinners batting - Pitching for Colorado Commanders : RHP Josh Carson
Batting: RHB Ryan Parrish 0-0: Fly out, F3 (Popup, 3)
Batting: RHB Augusto Trevino 0-0: Fly out, F9 (Flyball, 9M)
Batting: RHB Jamie Swyers 0-0: SINGLE (Line Drive, 7S)
Batting: RHB Clint Younger 0-0: Called Strike
Jamie Swyers steals 2nd base
0-1: Swinging Strike
0-2: Ball
1-2: Strikes out swinging
Top of the 6th over - 0 run(s), 1 hit(s), 0 error(s), 1 left on base; Surrey 0 - Colorado 0
BOTTOM OF THE 6TH
Colorado Commanders batting - Pitching for Surrey Sinners : LHP Luis Perea
Batting: RHB Chris Rice 0-0: Ball
1-0: Swinging Strike
1-1: Ball
2-1: Ball
3-1: Fly out, F9 (Flyball, 89D)
Batting: RHB Carlos Hernández 0-0: Foul Ball, location: 2F
0-1: Ground out 4-3 (Groundball, 4M)
Batting: RHB Tim Adkins 0-0: Called Strike
0-1: Ball
1-1: Foul Ball, location: 2F
1-2: Ball
2-2: Ball
3-2: Foul Ball, location: 2F
3-2: Base on Balls
Batting: RHB Roberto Rodríguez 0-0: Ball
Tim Adkins steals 2nd base
1-0: Called Strike
1-1: Ground out 6-3 (Groundball, 6M)
Bottom of the 6th over - 0 run(s), 0 hit(s), 0 error(s), 1 left on base; Surrey 0 - Colorado 0
TOP OF THE 7TH
Surrey Sinners batting - Pitching for Colorado Commanders : RHP Josh Carson
Batting: LHB Buddy Rice 0-0: Ball
1-0: Swinging Strike
1-1: Foul Ball, location: 2F
1-2: Strikes out swinging
Batting: RHB Cooper Richard 0-0: Called Strike
0-1: Fly out, F3 (Popup, 3F)
Batting: RHB Ramón Molina 0-0: Called Strike
0-1: Foul Ball, location: 2F
0-2: Ball
1-2: Ball
2-2: Foul Ball, location: 2F
2-2: Ball
3-2: Foul Ball, location: 2F
3-2: Ground out 5-3 (Groundball, 56S)
Top of the 7th over - 0 run(s), 0 hit(s), 0 error(s), 0 left on base; Surrey 0 - Colorado 0
BOTTOM OF THE 7TH
Colorado Commanders batting - Pitching for Surrey Sinners : LHP Luis Perea
Pinch Hitting: RHB Gerald Johnson 0-0: Ball
1-0: Ball
2-0: Called Strike
2-1: Ball
3-1: Swinging Strike
3-2: Strikes out looking
Pinch Hitting: RHB Alberto Soto 0-0: Ball
1-0: Ball
2-0: Fly out, F7 (Line Drive, 7M)
Batting: RHB Adam Reeves 0-0: Called Strike
0-1: Fly out, F9 (Flyball, 9LM)
Bottom of the 7th over - 0 run(s), 0 hit(s), 0 error(s), 0 left on base; Surrey 0 - Colorado 0
TOP OF THE 8TH
Surrey Sinners batting - Pitching for Colorado Commanders : RHP Josh Carson
Now at 2B: Gerald Johnson
Now in RF: Alberto Soto
Batting: LHB Juan Hinojosa 0-0: Ball
1-0: Ground out 6-3 (Groundball, 6)
Pitching: RHP Juan Mesa
Pinch Hitting: RHB Jesús Lara 0-0: Swinging Strike
0-1: Ground out 1-3 (Groundball, 15S)
Batting: RHB Ryan Parrish 0-0: Foul Ball, location: 2F
0-1: Foul Ball, location: 2F
0-2: Foul Ball, location: 2F
0-2: Foul Ball, location: 2F
0-2: Strikes out looking
Top of the 8th over - 0 run(s), 0 hit(s), 0 error(s), 0 left on base; Surrey 0 - Colorado 0
BOTTOM OF THE 8TH
Colorado Commanders batting - Pitching for Surrey Sinners : LHP Luis Perea
Now at 2B: Jesús Lara
Pinch Hitting: RHB Ricardo Remedios 0-0: Called Strike
0-1: Foul Ball, location: 2F
0-2: Ball
1-2: Foul Ball, location: 2F
1-2: Ball
2-2: Ground out 6-3 (Groundball, 6)
Pitching: RHP Bob Martin
Batting: LHB Arturo Rodledo 0-0: Ball
1-0: Swinging Strike
1-1: Foul Ball, location: 2F
1-2: SINGLE (Groundball, 6MD)
Pinch Runner at 1st Rafael López:
Batting: RHB Chris Rice 0-0: Called Strike
Pickoff Throw to First - Out!
0-1: Ball
1-1: Swinging Strike
1-2: Strikes out swinging
Bottom of the 8th over - 0 run(s), 1 hit(s), 0 error(s), 0 left on base; Surrey 0 - Colorado 0
TOP OF THE 9TH
Surrey Sinners batting - Pitching for Colorado Commanders : RHP Juan Mesa
Pitching: RHP Bill Davis
Now at 1B: Clarence Robertson
Now in CF: Rafael López
Batting: RHB Augusto Trevino 0-0: Foul Ball, location: 2F
0-1: Called Strike
0-2: Ball
1-2: Foul Ball, location: 2F
1-2: Ball
2-2: Foul Ball, location: 2F
2-2: Ball
3-2: Foul Ball, location: 2F
3-2: Ground out 6-3 (Groundball, 6M)
Pinch Hitting: LHB Tony Smith 0-0: SINGLE (Groundball, 6MD)
Batting: RHB Clint Younger 0-0: Called Strike
0-1: SINGLE (Groundball, 5)
Tony Smith to second
Batting: LHB Buddy Rice 0-0: Ball
1-0: Swinging Strike
1-1: Fly out, F9 (Flyball, 9D)
Runner from 2nd tags up, SAFE at 3rd, no throw
Batting: RHB Cooper Richard 0-0: Called Strike
0-1: Ball
1-1: Called Strike
Clint Younger steals 2nd base
1-2: Ball
2-2: Strikes out swinging
Top of the 9th over - 0 run(s), 2 hit(s), 0 error(s), 2 left on base; Surrey 0 - Colorado 0
BOTTOM OF THE 9TH
Colorado Commanders batting - Pitching for Surrey Sinners : RHP Bob Martin
Now at SS: Eugene Booth
Batting: RHB Carlos Hernández 0-0: Called Strike
0-1: Foul Ball, location: 2F
0-2: Strikes out looking
Batting: RHB Tim Adkins 0-0: Foul Ball, location: 2F
0-1: Ball
1-1: Ball
2-1: Called Strike
2-2: SOLO HOME RUN (Flyball, 7D), Distance : 343 ft
Monday, December 5th, 2016 - OOTP Baseball 17.12 Build 75